 Dungeon Crawl Stone Soup version 0.31.0-11-ge490571c62 (webtiles) character file.

Game seed: 5254190132602716494

106 qw the Shooter (level 4, 0/23 HPs)
             Began as a Spriggan Hunter on Feb 4, 2024.
             Slain by Pikel
             ... wielding a +1 whip of freezing
              (7 damage)
             ... on level 4 of the Dungeon.
             The game lasted 00:00:08 (1995 turns).

qw the Shooter (Spriggan Hunter)                    Turns: 1995, Time: 00:00:08

Health: 0/23       AC:  2    Str: 12 (13) XL:     4   Next: 55%
Magic:  5/5        EV: 19    Int:  7 (10) God:
Gold:   180        SH:  0    Dex: 18 (20) Spells: 3/3 levels left

rFire   . . .        a - +0 shortbow (flame)
rCold   . . .        (shield currently unavailable)
rNeg    . . .        c - +0 robe
rPois   .            (helmet restricted)
rElec   .            (no cloak)
rCorr   .            (gloves unavailable)
SInv    +            (boots unavailable)
Will    .....        (no amulet)
Stlth   ++           h - +6 ring of strength
HPRegen 0.23/turn    (no ring)
MPRegen 0.09/turn

%: no passive effects
@: very quick
A: very small, no large weapons, unfitting armour, see invisible, speed 3
a: no special abilities


You were on level 4 of the Dungeon.
You visited 1 branch of the dungeon, and saw 4 of its levels.

You collected 180 gold pieces.


Innate Abilities, Weirdness & Mutations

You are very small and have problems with some larger weapons.
You are too small for most types of armour.
You have supernaturally acute eyesight. (SInv)
You cover ground extremely quickly. (Speed+++)


   Skills:
 + Level 1.7 Fighting
 - Level 5.0 Ranged Weapons
 - Level 5.0 Dodging
 - Level 1.5 Stealth


You had 3 spell levels left.
You didn't know any spells.
Your spell library was empty.

Inventory:

Hand Weapons
 a - a +0 shortbow of flaming (weapon)
Armour
 c - a +0 robe (worn)
Jewellery
 h - a +6 ring of strength (left hand)
Potions
 e - 4 potions of curing

Dungeon Overview and Level Annotations

Branches:
Dungeon (4/15)
 Temple: D:4-7

Altars:

Annotations:
D:4 Pikel


Message History

Pikel freezes you.
1988 ||| DRINKING potion of heal wounds.
You feel much better. Pikel barely misses you.
You shoot an arrow. The arrow hits Pikel.
The arrow burns Pikel.
Pikel is moderately wounded.
You hear a shout!
Pikel completely misses you.
A lemure comes into view.
1990 ||| RETREEEEATING.
You shoot an arrow. The arrow hits Pikel!
The arrow burns Pikel.
Pikel is heavily wounded.
Pikel closely misses you.
A lemure comes into view.
Pikel closely misses you.
1991 ||| RETREEEEATING.
You shoot an arrow. The arrow hits Pikel.
The arrow burns Pikel.
Pikel is heavily wounded.
Pikel hits you with a +1 whip of freezing!
Pikel freezes you.
1992 ||| RETREEEEATING.
You shoot an arrow. The arrow misses Pikel.
The arrow barely misses the lemure.
The arrow hits the lemure.
The arrow burns the lemure.
The lemure is lightly wounded.
Pikel misses you.
1993 ||| RETREEEEATING.
You shoot an arrow. The arrow completely misses Pikel.
The arrow barely misses the lemure.
The arrow hits the lemure.
The arrow burns the lemure.
The lemure is moderately wounded.
Pikel misses you.
1994 ||| RETREEEEATING.
You shoot an arrow.
The arrow hits Pikel but does no damage.
Pikel is heavily wounded.
Pikel closely misses you.
1995 ||| RETREEEEATING.
You shoot an arrow. The arrow hits Pikel.
The arrow burns Pikel.
Pikel is heavily wounded.
Pikel hits you with a +1 whip of freezing!
You die...
Pikel says, "Another soul for the market."

# ##. ###..#########
#......##....#
######......##
####............#
#....#..........##5####
#.............<@K55....
##...)....#....########
###.......#....#
#.........#..(.#
#.##.........#...
####.....).......
####.......##..
#<.........# ##
####......##


You could see Pikel and 3 lemures.

Vanquished Creatures
  Natasha (D:2)
  3 adders
  A gnoll (D:1)
  An orc (D:4)
  2 endoplasms (D:2)
  2 giant cockroaches
  4 goblins
  4 hobgoblins
  4 jackals (D:1)
  2 quokkas
  4 ball pythons
  A bat (D:3)
  4 frilled lizards
  6 kobolds
  3 rats
42 creatures vanquished.

Notes
Turn   | Place    | Note
-------+----------+-------------------------------------------
     0 | D:1      | qw the Spriggan Hunter began the quest for the Orb.
     0 | D:1      | Reached XP level 1. HP: 10/10 MP: 2/2
     0 | D:1      | 0 ||| qw: Version: 0.3-a-160-g6735b56
     0 | D:1      | 0 ||| qw: Game counter: 6094
     0 | D:1      | 0 ||| qw: Melee chars always use a shield: true
     0 | D:1      | 0 ||| qw: God list: Okawaru
     0 | D:1      | 0 ||| qw: Allow faded altars: false
     0 | D:1      | 0 ||| qw: Do Orc after clearing Dungeon:15 true
     0 | D:1      | 0 ||| qw: Do second Lair branch before Depths: true
     0 | D:1      | 0 ||| qw: Lair rune preference: random
     0 | D:1      | 0 ||| qw: Goals: Normal
     0 | D:1      | 0 ||| PLANNING D:1-11
   115 | D:1      | Reached skill level 3 in Dodging
   193 | D:1      | Reached XP level 2. HP: 13/14 MP: 3/3
   581 | D:1      | Reached XP level 3. HP: 9/18 MP: 4/4
   721 | D:1      | 721 ||| DROPPING ring of magical power.
   722 | D:1      | 722 ||| UPGRADING to +6 ring of strength.
   723 | D:1      | 723 ||| READING scroll labelled URA DOTUUMA.
   723 | D:1      | 723 ||| IDENTIFYING fizzy green potion
   724 | D:1      | 724 ||| READING scroll labelled YSTOYCS UNTU.
   729 | D:1      | 729 ||| READING scroll labelled RUXKENNO ZOENINA.
   760 | D:1      | 760 ||| DROPPING scroll of butterflies.
   761 | D:1      | 761 ||| DROPPING potion of lignification.
   868 | D:2      | 868 ||| FLEEEEING.
   869 | D:2      | 869 ||| FLEEEEING.
  1302 | D:2      | 1302 ||| READING scroll of identify.
  1302 | D:2      | 1302 ||| IDENTIFYING bubbling dark potion
  1303 | D:2      | 1303 ||| READING scroll labelled SITHRI PONA.
  1404 | D:2      | 1404 ||| READING scroll labelled XAODACY LIETS.
  1405 | D:2      | 1405 ||| DRINKING 2 golden potions.
  1406 | D:2      | 1406 ||| DROPPING potion of brilliance.
  1419 | D:3      | Noticed Natasha
  1420 | D:3      | 1420 ||| STAIRDANCE
  1424 | D:2      | HP: 4/18 [cerulean imp/+2 spear[Natasha] (6)]
  1425 | D:2      | 1425 ||| DRINKING potion of heal wounds.
  1427 | D:2      | Killed Natasha
  1428 | D:2      | Reached XP level 4. HP: 22/22 MP: 5/5
  1459 | D:3      | 1459 ||| STAIRDANCE
  1843 | D:3      | Identified the +4 ring mail "Hotzaran" {rPois}
  1919 | D:3      | 1919 ||| DROPPING amulet of magic regeneration.
  1920 | D:3      | 1920 ||| READING scroll labelled NAFFIS ASHRIDGH.
  1921 | D:3      | 1921 ||| READING scroll labelled RATZOA BODUONT.
  1922 | D:3      | 1922 ||| READING scroll labelled HAQEUFUPOM.
  1922 | D:3      | 1922 ||| BRANDING +0 shortbow.
  1923 | D:3      | 1923 ||| DRINKING 4 fuming red potions.
  1924 | D:3      | 1924 ||| DRINKING 2 bubbling ruby potions.
  1925 | D:3      | 1925 ||| DROPPING potion of degeneration.
  1980 | D:4      | Noticed a lemure
  1982 | D:4      | Noticed Pikel
  1987 | D:4      | HP: 4/23 [Pikel/+1 whip of freezing (5)]
  1988 | D:4      | 1988 ||| DRINKING potion of heal wounds.
  1989 | D:4      | Noticed a lemure
  1990 | D:4      | 1990 ||| RETREEEEATING.
  1990 | D:4      | Noticed a lemure
  1991 | D:4      | 1991 ||| RETREEEEATING.
  1992 | D:4      | 1992 ||| RETREEEEATING.
  1993 | D:4      | 1993 ||| RETREEEEATING.
  1994 | D:4      | 1994 ||| RETREEEEATING.
  1995 | D:4      | 1995 ||| RETREEEEATING.
  1995 | D:4      | Slain by Pikel

Levels and vault maps discovered:
D:1:      dpeg_arrival_castle, layout_loops_cross
D:2:      layout_basic
D:3:      layout_rooms, interstate_on_off, hangedman_decor_diamond_cutter,
          uniq_natasha
D:4:      layout_rooms, grunt_temple_overflow_octagram, serial_shops,
          nicolae_shop_back_alley_shop, kennysheep_path_1, uniq_pikel

Skill      XL: |  1  2  3  4 |
---------------+-------------+-----
Dodging        | 3 4 5 |  5.0
Ranged Weapons | 5 |  5.0
Fighting       | |  1.7
Stealth        | |  1.5

Action                     |  1- 3 |  4- 6 || total
---------------------------+-------+-------++-------
   Fire: Shortbow          |    88 |    32 ||   120
    Use: Scroll            |     6 |     3 ||     9
         Potion            |     2 |     3 ||     5
 Armour: Robe              |    16 |     7 ||    23
  Dodge: Dodged            |    33 |    18 ||    51

Table legend:
 A = Non-vault XP
 B = Vault XP
 C = Vault XP percentage of total XP
 D = Non-vault monster count
 E = Vault monster count
 F = Vault count percentage of total count
                 A         B        C        D         E       F
            +---------+---------+-------+---------+---------+-------
      Total |     117 |      35 |  23.0 |      41 |       1 |   2.4
            +---------+---------+-------+---------+---------+-------
        D:1 |      44 |       0 |   0.0 |      20 |       0 |   0.0
        D:2 |      47 |      35 |  42.7 |      13 |       1 |   7.1
        D:3 |      23 |       0 |   0.0 |       7 |       0 |   0.0
        D:4 |       3 |       0 |   0.0 |       1 |       0 |   0.0
            +---------+---------+-------+---------+---------+-------
